 Dungeon Crawl Stone Soup version 0.27-a0-343-gfcad680f63 (webtiles) character file.

Game seed: 14306092091071710184

86 tilp the Sneak (level 4, -2/29 HPs)
             Began as an Octopode Transmuter on Feb 14, 2021.
             Slain by an orc
             ... wielding a +0 trident
              (6 damage)
             ... on level 3 of the Dungeon.
             The game lasted 00:02:13 (2075 turns).

tilp the Sneak (Octopode Transmuter)                Turns: 2075, Time: 00:02:14

Health: -2/29      AC:  1    Str:  9    XL:     4   Next: 49%
Magic:  5/7        EV: 13    Int: 16    God:
Gold:   247        SH:  0    Dex: 12    Spells: 4/7 levels left

rFire    . . .     SeeInvis +     - Unarmed
rCold    . . .     Faith    .   (no shield)
rNeg     . . .     Spirit   .   (helmet currently unavailable)
rPois    .         Reflect  .   (no amulet)
rElec    .         Harm     .   b - ring of see invisible
rCorr    .         Rampage  .   (no ring)
Will     .....                  (no ring)
Stlth    +++.......             (no ring)
HPRegen  0.09/turn              (no ring)
MPRegen  0.10/turn              (no ring)
                                (no ring)
                                (no ring)

@: appendages (expiring), wereblooded
A: almost no armour, stealthy swim, amphibious, 8 rings, constrict 8, tentacle
spike 3, camouflage 1, gelatinous body 1
a: End Transformation


You were on level 3 of the Dungeon.
One of your tentacles had a temporary spike.
You visited 1 branch of the dungeon, and saw 3 of its levels.

You collected 247 gold pieces.

Inventory:

Missiles
 d - 53 stones
 k - 13 poisoned darts (quivered)
Jewellery
 b - a ring of see invisible (left tentacle)
Scrolls
 a - a scroll of enchant weapon {unknown}
 f - a scroll of teleportation {unknown}
 g - a scroll of identify
 h - a scroll of blinking {unknown}
 j - a scroll of fear {unknown}
 m - a scroll of random uselessness {unknown}
 n - a scroll of immolation {unknown}
Potions
 c - a potion of brilliance
 e - a potion of curing {unknown}
 i - 3 potions of resistance
 l - a potion of haste {unknown}


   Skills:
 + Level 2.1 Fighting
 - Level 2.0 Dodging
 - Level 4.0 Stealth
 + Level 3.6 Unarmed Combat
 - Level 2.0 Spellcasting
 - Level 2.0 Transmutations


You had 4 spell levels left.
You knew the following spells:

 Your Spells              Type           Power        Failure   Level
a - Beastly Appendage     Tmut           16%          9%          1
b - Wereblood             Tmut           8%           14%         2

Your spell library contained the following spells:

 Spells                   Type           Power        Failure   Level
 Spider Form              Tmut/Pois      2%           38%         3
 Ice Form                 Ice/Tmut       4%           80%         4
 Blade Hands              Tmut           4%           94%         5


Dungeon Overview and Level Annotations

Branches:
Dungeon (3/15)

Altars:
Yredelemnul


Innate Abilities, Weirdness & Mutations

You cannot wear most types of armour.
You are very stealthy in the water. (Stealth+)
You are amphibious.
You can wear up to eight rings at the same time.
You can use your tentacles to constrict eight enemies at once.
Your skin changes colour to match your surroundings (Stealth+).
Your rubbery body absorbs attacks. (AC +1, EV +1)
One of your tentacles bears a large vicious spike.


Message History

You throw a poisoned dart.
The poisoned dart closely misses the orc.
The poisoned dart hits the orc.
The orc is poisoned.
You tentacle-slap the orc. You grab the orc.
You squeeze the orc, but do no damage.
The orc is severely wounded.
You constrict the orc. The orc closely misses you.
The orc hits you from afar with a +0 trident.
You barely miss the orc.
The orc is severely wounded.
You constrict the orc. The orc misses you.
You tentacle-slap the orc.
You kill the orc!
The orc hits you from afar with a +0 trident.
You tentacle-slap the orc but do no damage.
You grab the orc.
You pierce the orc, but do no damage.
You squeeze the orc.
The orc is severely wounded.
You constrict the orc, but do no damage.
The orc closely misses you.
You completely miss the orc.
The orc is severely wounded.
You constrict the orc.
The orc looks more healthy.
The orc hits you from afar with a +0 trident.
The orc closely misses you.
You tentacle-slap the orc.
You kill the orc!
The orc hits you from afar with a +0 trident.
* * * LOW HITPOINT WARNING * * *
A bat comes into view.
You barely miss the leopard gecko. Your grab misses the leopard gecko.
Your tentacle spike misses the leopard gecko.
You howl as the wereblood boils in your veins!
Your transformation is almost over.
The leopard gecko barely misses you.
The orc hits you from afar with a +0 trident.
* * * LOW HITPOINT WARNING * * *
You tentacle-slap the leopard gecko.
You kill the leopard gecko!
The orc hits you from afar with a +0 trident.
You die...

#..## #..# #..#
#..# #..# #..# .
#..#####..# ..
#..##.....# ...
#..##.###.# ...(
#..##.##..## .....
#..........##o.....
####.......@o.(....
##.......##......
##...###### ...<.
#..#.# ....
#.##.#### ...
##.##..... ..
######..†..## .
...........#
......#....#


You could see 2 orcs.

Vanquished Creatures
  3 adders (D:2)
  A worm (D:2)
  2 dart slugs (D:1)
  3 leopard geckos
  2 orcs (D:3)
  5 bats
  2 giant cockroaches (D:2)
  8 goblins
  4 hobgoblins
  5 frilled lizards
  6 kobolds
  8 rats
49 creatures vanquished.

Notes
Turn   | Place    | Note
-------+----------+-------------------------------------------
     0 | D:1      | tilp the Octopode Transmuter began the quest for the Orb.
     0 | D:1      | Reached XP level 1. HP: 13/13 MP: 3/3
    32 | D:1      | Reached skill level 1 in Stealth
    51 | D:1      | Reached skill level 2 in Stealth
    58 | D:1      | Reached XP level 2. HP: 18/18 MP: 5/5
    75 | D:1      | Learned a level 2 spell: Wereblood
   430 | D:1      | Reached skill level 3 in Stealth
   771 | D:2      | Reached skill level 4 in Stealth
   771 | D:2      | Reached XP level 3. HP: 15/23 MP: 3/6
  1036 | D:2      | Found a basalt altar of Yredelemnul.
  1652 | D:2      | Reached XP level 4. HP: 26/29 MP: 5/7
  2075 | D:3      | Slain by an orc

Illustrated notes

Levels and vault maps discovered:
D:1:      psy_arrival_statuary, layout_rooms
D:2:      minmay_chambers_of_twos, layout_basic, yredelemnul_altar_generic
D:3:      minmay_chambers_of_threes, layout_rooms, goddamned_bats

Skill      XL: |  1  2  3  4 |
---------------+-------------+-----
Stealth        | 2 4 |  4.0
Fighting       | 2 |  2.1
Dodging        | |  2.0
Unarmed Combat | |  3.6
Spellcasting   | |  2.0
Transmutations | |  2.0

Action                   |  1- 3 |  4- 6 || total
-------------------------+-------+-------++-------
Melee: Unarmed           |    81 |    35 ||   116
       Constrict         |    24 |     9 ||    33
       Tentacles         |    10 |     4 ||    14
       Kick              |     9 |     4 ||    13
       Punch             |     1 |       ||     1
Throw: Stone             |    10 |     1 ||    11
       Dart              |       |     2 ||     2
 Cast: Beastly Appendage |     6 |     3 ||     9
       Wereblood         |     1 |     1 ||     2
  Use: Scroll            |       |     2 ||     2
 Stab: Sleeping          |     8 |     4 ||    12
Armor: Skin              |     3 |       ||     3
Dodge: Dodged            |    50 |    22 ||    72

Table legend: (Time is in decaauts)
 A = Elapsed time spent in this place.
 B = Non-inter-level travel time spent in this place.
 C = Inter-level travel time spent in this place.
 D = Time resting spent in this place.
 E = Time spent auto-exploring this place.
 F = Levels seen in this place.
 G = Mean time per level.
                   A        B        C        D        E       F      G
               +--------+--------+--------+--------+--------+-----+--------+
         Total |   2069 |   2025 |     44 |    231 |   1487 |   3 |  689.7 |
       Dungeon |   2069 |   2025 |     44 |    231 |   1487 |   3 |  689.7 |
               +--------+--------+--------+--------+--------+-----+--------+

Top non-repeatable levels by time:
     D:2: 1405 daAuts
     D:1: 499 daAuts
     D:3: 164 daAuts
